 Dungeon Crawl Stone Soup version 0.29.0-10-g45618ea6d2 (webtiles) character file.

Game seed: 6718367470959782855

819 gelatine the Shooter (level 7, 0/52 HPs)
             Began as a Demonspawn Hunter on Sept 2, 2022.
             Was a Plaything of Xom.
             Shot with an arrow by a centaur (5 damage)
             ... on level 5 of the Dungeon.
             The game lasted 00:12:01 (3653 turns).

gelatine the Shooter (Demonspawn Hunter)            Turns: 3653, Time: 00:12:03

Health: 0/52       AC:  8    Str: 12    XL:     7   Next: 63%
Magic:  0/7        EV: 11    Int: 10    God:    Xom [..*...]
Gold:   290        SH:  0    Dex: 18    Spells: 6/6 levels left

rFire   . . .      SeeInvis .   a - +0 shortbow
rCold   . . .      Faith    .   (shield currently unavailable)
rNeg    . . .      Spirit   +   g - +0 ring mail
rPois   +          Reflect  .   (no helmet)
rElec   +          Harm     .   (no cloak)
rCorr   .          Rampage  .   (no gloves)
Will    .....      Clarity  +   (no boots)
Stlth   +.........              h - amulet of guardian spirit
HPRegen 0.17/turn               o - ring of poison resistance
MPRegen 0.10/turn               (no ring)

@: no status effects
A: hooves 1, slimy green scales 2, ignite blood 1, clarity, sense surroundings
1, electricity resistance
a: Renounce Religion


You were on level 5 of the Dungeon.
You worshipped Xom.
You were a toy of Xom.
You visited 1 branch of the dungeon, and saw 5 of its levels.

You collected 290 gold pieces.

Inventory:

Hand Weapons
 a - a +0 shortbow (weapon)
 q - the +3 quarterstaff of Invincibility {vorpal, Drain rElec rF+++ SInv}
   (You found it on level 2 of the Dungeon)

   It inflicts extra damage upon your enemies.
   rF:        It renders you almost immune to fire.
   rElec:     It insulates you from electricity.
   SInv:      It lets you see invisible.
   Drain:     It drains your maximum health when unequipped.
Missiles
 t - a throwing net
Armour
 c - a +0 leather armour
 g - a +0 ring mail (worn)
 l - a +2 buckler
Jewellery
 h - an amulet of guardian spirit (around neck)
 k - an amulet of the acrobat
 o - a ring of poison resistance (left hand)
Wands
 u - a wand of charming (11)
 w - a wand of light (10)
Scrolls
 b - 2 scrolls of immolation
 d - 3 scrolls of identify {unknown}
 f - a scroll of amnesia {unknown}
 i - 2 scrolls of magic mapping {unknown}
 j - 2 scrolls of teleportation {unknown}
 m - a scroll of butterflies {unknown}
 p - a scroll of enchant armour {unknown}
Potions
 e - 2 potions of degeneration
 n - a potion of resistance {unknown}
 r - a potion of brilliance {unknown}
 s - a potion of curing {unknown}
 v - a potion of might {unknown}
 x - a potion of magic {unknown}
 z - a potion of ambrosia


   Skills:
 + Level 3.3 Fighting
 + Level 0.8 Staves
 + Level 7.0 Ranged Weapons
 * Level 3.5 Armour
 + Level 2.3 Dodging
 + Level 1.1 Stealth


You had 6 spell levels left.
You didn't know any spells.
Your spell library contained the following spells:

 Spells                   Type           Power      Damage    Failure   Level
 Ozocubu's Armour         Ice            0%         N/A       94%         3
 Dispersal                Tloc           0%         N/A       100%        6
 Ozocubu's Refrigeration  Ice            0%         4d7       100%        7
 Disjunction              Tloc           0%         N/A       100%        8


Dungeon Overview and Level Annotations

Branches:
Dungeon (5/15)
 Temple: D:4-7

Altars:
Nemelex Xobeh
Xom

Shops:
D:5 (


Innate Abilities, Weirdness & Mutations

You have large cloven feet.
You are mostly covered in slimy green scales. (AC +3)
Your demonic aura sometimes causes spilled blood to erupt in flames.
You possess an exceptional clarity of mind.
You passively map a small area around you.
You are resistant to electric shocks. (rElec)


Message History

You shoot an arrow.
The arrow completely misses the phantom.
The hound misses you.
The phantom is engulfed in blazing flames.
The phantom misses you.
You shoot an arrow. The arrow misses the phantom.
The hound bites you but does no damage. The hound barely misses you.
The phantom is engulfed in blazing flames.
You destroy the phantom!
Your Ranged Weapons skill increases to level 7!
You shoot an arrow. The arrow completely misses the hound.
The hound bites you but does no damage. x2
You shoot an arrow. The arrow hits the hound.
The hound is lightly wounded.
The hound barely misses you.
A centaur comes into view.
The hound completely misses you.
You shoot an arrow. The arrow closely misses the hound.
The hound bites you but does no damage. The hound closely misses you.
You shoot an arrow. The arrow hits the hound!
The hound is almost dead.
The hound misses you. The hound closely misses you.
You shoot an arrow. The arrow completely misses the hound.
The centaur wields a +0 shortbow.
The centaur shoots an arrow.
The arrow hits you! The hound bites you but does no damage.
The centaur shoots an arrow.
The arrow hits you!
* * * LOW HITPOINT WARNING * * *
The hound closely misses you.
You are too injured to fight recklessly!
You are too injured to fight recklessly!
You are too injured to fight recklessly!
You are too injured to fight recklessly!
Unknown command.
The hound attacks as you move away! The hound bites you.
* * * LOW HITPOINT WARNING * * *
The centaur shoots an arrow.
The arrow hits you.
* * * LOW HITPOINT WARNING * * *
The centaur shoots an arrow.
The arrow hits you.
You die...
Xom roars with laughter!

.#.# . .#, . _ , ...#: . .# *,
,.#* . #.#.#.#.., .#**
*..##...##.,, ..###. ..c#####..
#...... *.#.......######.......
#.........†...†<†...... *
########...#$#.##○.............
,
..............).@h########.....
........####...#### * ,,,,....
..†.....##.....###### , * ,...
...<..sh##...o....... , , ,.#
.....o......#<.#* .
......∩..[.....^..... * *
......†.........##...
......)...####..#*, #
........o.# *...


You could see a centaur and a hound.

Vanquished Creatures
  Grinder (D:3)
  2 phantoms (D:5)
  2 scorpions (D:4)
  2 howler monkeys (D:5)
  3 hounds
  An iguana (D:5)
  7 gnolls
  5 adders
  A shadow imp (D:5)
  2 worms
  2 dart slugs
  2 orcs (D:4)
  7 ball pythons
  4 bats
  8 endoplasms
  3 giant cockroaches (D:3)
  5 hobgoblins
  3 jackals (D:3)
  8 kobolds
  7 quokkas
  A frilled lizard (D:2)
  8 goblins
  3 rats
87 creatures vanquished.

Vanquished Creatures (others)
  An orc wizard (D:5)
  A fungus (D:1)
2 creatures vanquished.

Grand Total: 89 creatures vanquished

Notes
Turn   | Place    | Note
-------+----------+-------------------------------------------
     0 | D:1      | gelatine the Demonspawn Hunter began the quest for the Orb.
     0 | D:1      | Reached XP level 1. HP: 16/16 MP: 1/1
   120 | D:1      | Reached skill level 4 in Ranged Weapons
   123 | D:1      | Gained mutation: You are partially covered in slimy green
                  | scales. (AC +2) [demonic ancestry]
   123 | D:1      | Reached XP level 2. HP: 19/22 MP: 2/2
   214 | D:1      | Found a faded altar of an unknown god.
   266 | D:1      | Prayed at the altar of an unknown god.
   266 | D:1      | Became a worshipper of Xom of Malicious Giggling
   874 | D:1      | XOM: divination: magic mapping
   897 | D:2      | Gained mutation: Your demonic aura sometimes causes spilled
                  | blood to erupt in flames. [demonic ancestry]
   897 | D:2      | Reached XP level 3. HP: 27/27 MP: 3/3
  1263 | D:2      | Reached skill level 5 in Ranged Weapons
  1263 | D:2      | Reached XP level 4. HP: 33/33 MP: 4/4
  1302 | D:2      | Identified the +3 quarterstaff of Invincibility {vorpal,
                  | Drain rElec rF+++ SInv}
  1468 | D:2      | XOM: silly message
  1613 | D:3      | Noticed Grinder
  1626 | D:3      | Gained mutation: You possess an exceptional clarity of
                  | mind. [potion of mutation]
  1626 | D:3      | Gained mutation: You passively map a small area around you.
                  | [potion of mutation]
  1626 | D:3      | Gained mutation: You are resistant to electric shocks.
                  | (rElec) [potion of mutation]
  1640 | D:3      | XOM: 5-stop teleportation journey
  1675 | D:3      | XOM: god gift: scroll labelled SUCIFEL QOIJ {god gift}
  1906 | D:3      | Reached skill level 1 in Armour
  2178 | D:3      | Reached XP level 5. HP: 32/32 MP: 5/5
  2247 | D:3      | XOM: stat loss: -1 Dex (15/18)
  2255 | D:3      | Paralysed by Grinder for 4 turns
  2264 | D:3      | Paralysed by Grinder for 5 turns
  2271 | D:3      | Killed Grinder
  2272 | D:3      | Reached skill level 6 in Ranged Weapons
  2272 | D:3      | Reached skill level 1 in Stealth
  2272 | D:3      | Gained mutation: You have large cloven feet. [demonic
                  | ancestry]
  2272 | D:3      | Reached XP level 6. HP: 32/46 MP: 4/6
  2293 | D:3      | XOM: silly message
  2803 | D:4      | Found a sparkling altar of Nemelex Xobeh.
  2845 | D:4      | XOM: divination: detect items
  3354 | D:5      | Entered Level 5 of the Dungeon
  3354 | D:5      | Found Gausuroo's Antique Weapon Shop.
  3376 | D:5      | XOM: destruction
  3419 | D:5      | XOM: divine lightning
  3420 | D:5      | Gained mutation: You are mostly covered in slimy green
                  | scales. (AC +3) [demonic ancestry]
  3420 | D:5      | Reached XP level 7. HP: 52/52 MP: 7/7
  3430 | D:5      | XOM: potion effect (invisibility)
  3484 | D:4      | XOM: noise
  3636 | D:5      | XOM: noise
  3648 | D:5      | Reached skill level 7 in Ranged Weapons
  3653 | D:5      | Shot with an arrow by a centaur

Illustrated notes

Levels and vault maps discovered:
D:1:      minmay_arrival_solitary_statue, layout_loops_ring,
          dreamdust_ecumenical_altar_grove
D:2:      layout_rooms
D:3:      layout_basic, chequers_serial_rivers_marsh, uniq_grinder
D:4:      layout_gridville, mainiacjoe_overflow_six_doors_small
D:5:      layout_rooms, kennysheep_mini_moat, nicolae_overflow_crystal_walls,
          gammafunk_temple_overflow_elements, serial_shops, shop,
          minmay_checkerbox

Skill      XL: |  1  2  3  4  5  6  7 |
---------------+----------------------+-----
Ranged Weapons | 4 5 6 7 |  7.0
Armour         | 1 2 3 |  3.5
Dodging        | 2 |  2.3
Stealth        | 1 |  1.1
Fighting       | 3 |  3.3
Staves         | |  0.8

Action                   |  1- 3 |  4- 6 |  7- 9 || total
-------------------------+-------+-------+-------++-------
Melee: Quarterstaff      |       |     6 |       ||     6
 Fire: Shortbow          |   111 |   175 |    60 ||   346
  Use: Potion            |       |     4 |       ||     4
       Scroll            |       |     1 |       ||     1
Armor: Leather armour    |    15 |    22 |       ||    37
       Ring mail         |       |     7 |    30 ||    37
Dodge: Dodged            |    43 |    87 |    73 ||   203
